 Dungeon Crawl Stone Soup version 0.18.1-5-g4a78601 (webtiles) character file.

44 LORDOFBUTT the Sneak (level 3, -4/18 HPs)
             Began as a Spriggan Assassin on May 11, 2016.
             Killed from afar by Natasha (7 damage)
             ... with a magic dart
             ... on level 2 of the Dungeon.
             The game lasted 00:01:21 (1243 turns).

LORDOFBUTT the Sneak (Spriggan Assassin)            Turns: 1243, Time: 00:01:22

Health: -4/18      AC:  3    Str:  7    XL:     3   Next: 41%
Magic:  4/4        EV: 17    Int: 12    God:
Gold:   58         SH:  0    Dex: 18    Spells: 0 memorised, 2 levels left

rFire  . . .     SeeInvis +     b - +0 blowgun
rCold  . . .     Gourm    .     c - +0 robe
rNeg   . . .     Faith    .     (shield restricted)
rPois  .         Spirit   .     (helmet restricted)
rElec  .         Dismiss  .     d - +0 cloak
rCorr  .         Reflect  .     (gloves unavailable)
SustAt .         Harm     .     (boots unavailable)
MR     .....                    (no amulet)
Stlth  ++++......               (no ring)
                                (no ring)

@: very quick, not resistant to hostile enchantments, stealthy
A: unfitting armour, see invisible, herbivore 3, speed 3, slow metabolism 2
a: no special abilities


You were on level 2 of the Dungeon.
You were not hungry.

You visited 1 branch of the dungeon, and saw 2 of its levels.

You collected 58 gold pieces.

Inventory:

Hand Weapons
 a - a +2 dagger
 b - a +0 blowgun (weapon)
 p - a +2 dagger of holy wrath
Missiles
 e - 8 poisoned needles (quivered)
 f - 2 curare-tipped needles
Armour
 c - a +0 robe (worn)
 d - a +0 cloak (worn)
Jewellery
 o - an uncursed ring of protection from fire {unknown}
Scrolls
 h - 4 scrolls of identify {unknown}
 i - a scroll of remove curse {unknown}
 j - a scroll of recharging {unknown}
 k - a scroll of blinking {unknown}
 l - a scroll of magic mapping {unknown}
 m - a scroll of amnesia {unknown}
 q - a scroll of noise {unknown}
 r - a scroll of fear {unknown}
Potions
 n - a potion of haste {unknown}
 s - 2 potions of curing {unknown}
Comestibles
 g - 3 bread rations


   Skills:
 - Level 1.5 Fighting
 - Level 2.1 Short Blades
 - Level 2.0 Throwing
 - Level 1.5 Dodging
 + Level 7.9 Stealth


You had 2 spell levels left.
You didn't know any spells.

Dungeon Overview and Level Annotations

Branches:
Dungeon (2/15)

Altars:

Annotations:
D:2 Natasha


Innate Abilities, Weirdness & Mutations

You are tiny and cannot use many weapons and most armour.
You have supernaturally acute eyesight.
You are a herbivore.
You cover ground extremely quickly.
You need consume almost no food.


Message History

Natasha stares at you and mumbles some strange words.
You resist with some effort.
You hit Natasha.
Natasha is moderately wounded.
You hit Natasha but do no damage.
Natasha is moderately wounded.
Natasha claws you.
You hit Natasha.
Natasha is heavily wounded.
Natasha misses you.
Wield which item (- for none, * to show all)? (? for menu, Esc to quit)
You don't have any such object.
Wield which item (- for none, * to show all)? (? for menu, Esc to quit)
Your +2 dagger of holy wrath stops glowing.
b - a +0 blowgun (weapon)
Natasha claws you.
* * * LOW HITPOINT WARNING * * *
Natasha casts a spell at you. The magic dart hits you!
You die...

........#
........#
........#
........#
.........#
........h#
.........#
.........#
........@#
.........#
.........#
#.......##
#.......#
#.......##
#........#
#........#
#.
#........##
#.#


You could see Natasha.

Vanquished Creatures
  An adder (D:2)
  An ooze (D:1)
  A dart slug (D:1)
  A giant gecko (D:1)
  2 giant cockroaches (D:1)
  7 goblins (D:1)
  A hobgoblin (D:1)
  4 kobolds (D:1)
  A ball python (D:1)
  5 bats (D:1)
  3 giant newts (D:1)
  A rat (D:1)
28 creatures vanquished.

Notes
Turn   | Place    | Note
--------------------------------------------------------------
     0 | D:1      | LORDOFBUTT the Spriggan Assassin began the quest for the Orb.
     0 | D:1      | Reached XP level 1. HP: 10/10 MP: 2/2
    31 | D:1      | Reached skill level 6 in Stealth
    71 | D:1      | Reached XP level 2. HP: 7/14 MP: 3/3
   228 | D:1      | Reached skill level 7 in Stealth
   535 | D:1      | Reached XP level 3. HP: 15/18 MP: 4/4
  1229 | D:2      | Noticed Natasha
  1243 | D:2      | Killed from afar by Natasha

Skill      XL: |  1  2 |
---------------+-------+-----
Stealth        | 6 7 |  7.9
Fighting       | |  1.5
Short Blades   | |  2.1
Throwing       | |  2.0
Dodging        | |  1.5

Action                   || total
-------------------------++-------
Melee: Dagger            ||   103
 Stab: Sleeping          ||     9
Armor: Robe              ||    15
Dodge: Dodged            ||    79
